 Dungeon Crawl Stone Soup version 0.16-a0-100-g0188e4c (webtiles) character file.

92 HiobMontag the Shield-Bearer (level 4, -2/29 HPs)
             Began as a Gargoyle Fighter on Aug 9, 2014.
             Killed from afar by Protee's ghost (4 damage)
             ... with a magic dart
             ... on Level 3 of the Dungeon.
             The game lasted 00:06:03 (1456 turns).

HiobMontag the Shield-Bearer (Gargoyle Fighter)     Turns: 1456, Time: 00:06:03

HP  -2/29        AC 11     Str 26      XL: 4   Next: 60%
MP   4/4         EV  7     Int  8      God:
Gold 62          SH 10     Dex  9      Spells:  0 memorised,  3 levels left

rFire  . . .     SeeInvis .     a - +1 flail
rCold  . . .     Clarity  .     b - +0 scale mail
rNeg   + . .     rCorr    .     c - +0 shield
rPois  +         rRot     +     (no helmet)
rElec  +         Spirit   .     (no cloak)
SustAb .         Warding  .     o - +0 pair of gloves (curse)
rMut   .         Stasis   .     (no boots)
Gourm  .                        (no amulet)
MR     .....                    (no ring)
                                (no ring)

@: mighty, not resistant to hostile enchantments, extremely unstealthy
A: negative energy resistance 1, electricity resistance, unbreathing,
petrification resistance, rot immunity, AC +3
a: no special abilities


You were on level 3 of the Dungeon.
You were very hungry.

You visited 1 branch of the dungeon, and saw 3 of its levels.

You collected 62 gold pieces.

Inventory:

Hand weapons
 a - a +1 flail (weapon)
Missiles
 j - 7 silver tomahawks (quivered)
Armour
 b - a +0 scale mail (worn)
 c - a +0 shield (worn)
 o - a cursed +0 pair of gloves (worn)
Comestibles
 d - a bread ration
 g - a slice of pizza
 h - 2 meat rations
 i - a beef jerky
 p - 4 fruits
Scrolls
 n - a scroll of fog
 q - a scroll of magic mapping {unknown}
Potions
 l - a potion of curing {unknown}
 m - 3 potions of cancellation
Books
 r - a book of Burglary

   Spells                             Type                      Level
   Swiftness                          Charms/Air                   2
   Passwall                           Transmutation/Earth          3
   Passage of Golubria                Translocation                4
   Lee's Rapid Deconstruction         Earth                        5
   Invisibility                       Hexes                        6
   Darkness                           Hexes                        7


   Skills:
 + Level 3.8 Fighting
 + Level 2.4 Maces & Flails
 + Level 3.8 Armour
 + Level 0.7 Dodging
 + Level 4.3 Shields


You had 3 spell levels left.
You didn't know any spells.

Dungeon Overview and Level Annotations

Branches:
Dungeon (3/15)

Altars:

Annotations:
D:3 Protee's ghost, weakling DsWz


Innate Abilities, Weirdness & Mutations

You are resistant to torment.
You are immune to poison.
Your stone body is very resilient (AC +3).
You resist negative energy.
You are resistant to electric shocks.
You can survive without breathing.
You are immune to petrification.
You are immune to rotting.


Message History

All of the chunks of flesh in your inventory have rotted away.
You closely miss Protee's ghost.
The gnoll hits you from afar with a spear.
Protee's ghost hits you.
* * * LOW HITPOINT WARNING * * *
The gnoll hits you from afar with a spear.
* * * LOW HITPOINT WARNING * * *
You are too injured to fight recklessly!
You are too injured to fight recklessly!
You are too injured to fight recklessly!
Protee's ghost points at you and mumbles some strange words.
The magic dart hits you!
Drink which item? (? for menu, Esc to quit)
You feel slightly nauseous.
It was a potion of poison.
Protee's ghost gestures at you while chanting.
The magic dart hits you!
* * * LOW HITPOINT WARNING * * *
Protee's ghost casts a spell at you. The magic dart hits you!
You die...

#.# #.# #.# #.# ####.###.#
#......#.###### #
#.##........... .. #
###.......... .# ##..######
.# ##...## .#
##....@########### ##.#
######...)....Wg......###...
#..>........#######...()....
########...## #.#.###...
#..## #.#.# ##.# #.## #.#.#
.# #.# ..#.# .# #.# ###.# .#
#.# #.# .#


You could see Protee's ghost and a gnoll.

Vanquished Creatures
  3 gnolls (D:3)
  An adder (D:2)
  A giant mite (D:1)
  An inept item mimic (D:2)
  A worm (D:2)
  2 oozes
  A bat (D:1)
  3 giant cockroaches
  7 goblins
  6 hobgoblins
  2 ball pythons (D:1)
  2 giant newts
  5 kobolds
  5 rats
40 creatures vanquished.

Notes
Turn   | Place    | Note
--------------------------------------------------------------
     0 | D:1      | HiobMontag, the Gargoyle Fighter, began the quest for the Orb.
     0 | D:1      | Reached XP level 1. HP: 14/14 MP: 1/1
   179 | D:1      | Reached XP level 2. HP: 14/19 MP: 2/2
   454 | D:1      | Reached XP level 3. HP: 14/23 MP: 3/3
  1017 | D:2      | Reached skill level 4 in Shields
  1157 | D:2      | Reached XP level 4. HP: 29/29 MP: 4/4
  1417 | D:3      | Noticed Protee's ghost (weakling DsWz)
  1456 | D:3      | Killed from afar by Protee's ghost

Action                   |  1- 3 |  4- 6 || total
-------------------------+-------+-------++-------
Melee: Flail             |   121 |    37 ||   158
Throw: Tomahawk          |       |     1 ||     1
  Use: Scroll            |     5 |       ||     5
       Potion            |       |     2 ||     2
  Eat: Chunk             |     1 |       ||     1
